Winnipeg Jets vs New York Rangers
Created - Sunday, April 7, 2024 at 07:23
Goals
|
| Winnipeg Jets |
1 |
0 |
2 |
1 |
4 |
| New York Rangers |
2 |
1 |
0 |
0 |
3 |
|
Shots
|
| Winnipeg Jets |
10 |
15 |
8 |
3 |
36 |
| New York Rangers |
19 |
13 |
6 |
0 |
38 |
|
1st period
1. New York Rangers , Cole Caufield 13 (Filip Chytil 12) at 6:36
2. New York Rangers , Tyler Motte 5 (David Kampf 9) at 7:47
3. Winnipeg Jets , Nick Suzuki 24 (Kaapo Kakko 21) at 7:53
Penalties :
Pierre-Luc Dubois (NYR) for Roughing (Minor) at 17:05
2nd period
4. New York Rangers , Adam Larsson 4 (Nathan MacKinnon 21, Artemi Panarin 21) at 5:08 (PP)
Penalties :
Calen Addison (WPG) for Interference (Minor) at 4:08
3rd period
5. Winnipeg Jets , Nick Suzuki 25 (Kaapo Kakko 22, Andrew Cogliano 16) at 4:44
6. Winnipeg Jets , Lucas Raymond 12 (Connor McDavid 36, Dante Fabbro 12) at 19:43
Penalties :
Nathan Beaulieu (WPG) for Holding Stick (Minor) at 1:44
Overtime #1
7. Winnipeg Jets , Alex DeBrincat 27 (Nathan Beaulieu 15) at 3:15
Penalties :
No Penalty
Goalie Stats
Pavel Francouz (WPG), 35 saves from 38 shots - (0.921), W, 1-1-0, 62:37 minutes
Tristan Jarry (NYR), 32 saves from 36 shots - (0.889), OTL, 4-1-4, 63:15 minutes
Players Stats for Winnipeg Jets
Player Name G A P +/- PIM S H SB GA TA FO MP PP MP PK MP
------------------------------------------------------------------------------------
Alex DeBrincat 1 0 1 1 0 4 2 1 0 0 3/4 20:06 0:15 1:24
Andrew Cogliano 0 1 1 1 0 0 0 0 0 0 0/1 16:46 1:02 0:00
Barclay Goodrow 0 0 0 0 0 1 2 0 0 0 0/1 13:59 0:30 0:00
Calen Addison 0 0 0 0 2 2 0 1 0 0 0/0 16:54 0:38 0:00
Connor McDavid 0 1 1 0 0 5 0 0 2 0 6/18 20:14 0:09 1:35
Dante Fabbro 0 1 1 1 0 0 0 1 1 0 0/0 25:19 1:21 1:28
Dylan Samberg 0 0 0 0 0 2 1 1 0 0 0/0 19:40 0:38 1:31
Joel Armia 0 0 0 0 0 3 0 0 1 0 0/1 13:02 0:00 0:00
Jordan Harris 0 0 0 1 0 2 1 1 0 1 0/0 20:03 0:00 1:31
Kaapo Kakko 0 2 2 1 0 3 0 0 1 0 0/0 16:31 1:00 0:00
Klim Kostin 0 0 0 0 0 0 1 0 0 0 0/0 10:01 0:27 0:00
Lucas Raymond 1 0 1 1 0 4 0 0 0 0 0/1 20:03 0:15 1:24
Matthew Beniers 0 0 0 0 0 2 2 0 0 1 6/13 14:27 0:36 0:00
Nathan Beaulieu 0 1 1 1 2 0 1 0 0 1 0/0 24:23 1:21 0:31
Nick Suzuki 2 0 2 1 0 7 1 0 2 0 14/20 20:06 1:04 1:35
Pius Suter 0 0 0 0 0 0 0 0 0 1 0/0 9:53 0:27 0:00
Sam Steel 0 0 0 0 0 0 0 0 1 0 1/1 9:51 0:12 0:00
Ty Smith 0 0 0 1 0 1 0 2 0 0 0/0 18:41 0:00 0:57
Players Stats for New York Rangers
Player Name G A P +/- PIM S H SB GA TA FO MP PP MP PK MP
------------------------------------------------------------------------------------
Adam Larsson 1 0 1 0 0 4 1 0 0 1 0/0 23:32 1:45 1:10
Artemi Panarin 0 1 1 -2 0 4 0 0 0 0 0/2 21:50 1:32 0:00
Cam Fowler 0 0 0 -2 0 3 2 0 0 2 1/4 20:40 0:00 0:01
Cole Caufield 1 0 1 0 0 6 2 0 0 0 0/0 17:11 1:27 0:18
Conor Garland 0 0 0 -2 0 0 1 1 0 0 0/1 13:29 0:00 0:00
David Kampf 0 1 1 1 0 0 0 0 0 0 4/6 10:25 0:00 0:58
Dmitry Kulikov 0 0 0 0 0 1 0 1 0 1 0/0 18:58 0:00 0:00
Eric Robinson 0 0 0 1 0 1 0 0 0 0 0/0 10:24 0:00 0:44
Filip Chytil 0 1 1 0 0 0 1 0 0 0 7/15 14:50 0:38 0:13
Gabriel Landeskog 0 0 0 -1 0 2 2 0 1 0 0/0 15:10 1:27 0:00
Jake McCabe 0 0 0 -2 0 1 1 3 0 0 0/0 18:09 0:00 0:49
Mark Giordano 0 0 0 1 0 1 1 0 0 0 0/0 21:21 0:38 1:09
Mathew Barzal 0 0 0 0 0 4 0 2 2 1 1/2 17:15 2:21 0:48
Matthew Benning 0 0 0 -2 0 1 1 2 0 1 0/0 18:47 0:36 0:49
Mikael Granlund 0 0 0 -1 0 1 1 1 0 0 4/7 14:35 1:27 0:00
Nathan MacKinnon 0 1 1 -1 0 3 2 0 1 1 1/3 21:52 1:32 0:00
Pierre-Luc Dubois 0 0 0 0 2 3 2 1 0 1 12/20 21:39 1:32 0:00
Tyler Motte 1 0 1 1 0 3 1 0 0 0 0/0 10:53 0:00 0:57
3 Stars
1 - Nick Suzuki (WPG)
2 - Alex DeBrincat (WPG)
3 - Lucas Raymond (WPG)
Power Play
Winnipeg Jets - 0 on 1 Attempt(s) - 0.00%
New York Rangers - 1 on 2 Attempt(s) - 50.00%
Penalty Kill
Winnipeg Jets - 1 on 2 Attempt(s) - 50.00%
- Score 0 goal in Penalty Kill
New York Rangers - 1 on 1 Attempt(s) - 100.00%
- Score 0 goal in Penalty Kill
Team Stat
Winnipeg Jets - Hits : 11 - Faceoff Wins : 30 - Blocked Shots : 7 - Penalty Minutes : 4
New York Rangers - Hits : 18 - Faceoff Wins : 30 - Blocked Shots : 11 - Penalty Minutes : 2
Official
Referees : Dave Lewis and Kelly Sutherland
Linesman : Scott Driscoll and Brian Mach
Game Notes
No Game Note
Finance
Level 1 -- Attendance: 4571 (76.18%) -- Ticket Income $466,242
Level 2 -- Attendance: 3556 (71.12%) -- Ticket Income $224,028
Level 3 -- Attendance: 2039 (67.97%) -- Ticket Income $83,599
Level 4 -- Attendance: 3509 (70.18%) -- Ticket Income $98,252
Luxury Box -- Attendance: 809 (80.90%) -- Ticket Income $157,755
Game was played at the Madison Square Garden.
Total Attendance: 14484 (72.42%)
Total Ticket Income: $1,029,876
Other Income: $360,457
Total Income: $1,390,333
Winnipeg Jets
5 vs 5 Forward
Center Left Wing Right Wing Time % Phy DF OF
1 Connor McDavid Alex DeBrincat Lucas Raymond 30 1 2 2
2 Nick Suzuki Andrew Cogliano Kaapo Kakko 30 1 2 2
3 Matthew Beniers Barclay Goodrow Joel Armia 25 1 2 2
4 Sam Steel Pius Suter Klim Kostin 15 1 2 2
5 vs 5 Defense
Defense Defense Time % Phy DF OF
1 Dante Fabbro Nathan Beaulieu 30 1 2 2
2 Dylan Samberg Calen Addison 30 1 2 2
3 Jordan Harris Ty Smith 25 1 2 2
4 Dante Fabbro Nathan Beaulieu 15 1 2 2
PowerPlay Forward
Center Left Wing Right Wing Time % Phy DF OF
1 Connor McDavid Alex DeBrincat Lucas Raymond 50 1 2 2
2 Nick Suzuki Andrew Cogliano Kaapo Kakko 50 1 2 2
PowerPlay Defense
Defense Defense Time % Phy DF OF
1 Dante Fabbro Nathan Beaulieu 50 1 2 2
2 Dylan Samberg Calen Addison 50 1 2 2
Penalty Kill 4 Players Forward
Center Wing Time % Phy DF OF
1 Connor McDavid Nick Suzuki 50 1 2 2
2 Alex DeBrincat Lucas Raymond 50 1 2 2
Penalty Kill 4 Players Defense
Defense Defense Time % Phy DF OF
1 Dante Fabbro Nathan Beaulieu 50 1 2 2
2 Jordan Harris Dylan Samberg 50 1 2 2
Penalty Kill - 3 Players Forward
Forward Time % Phy DF OF
1 Connor McDavid 50 1 2 2
2 Nick Suzuki 50 1 2 2
Penalty Kill - 3 Players Defense
Defense Defense Time % Phy DF OF
1 Dante Fabbro Nathan Beaulieu 50 1 2 2
2 Jordan Harris Ty Smith 50 1 2 2
4 vs 4 Forward
Center Wing Time % Phy DF OF
1 Connor McDavid Nick Suzuki 50 1 2 2
2 Alex DeBrincat Lucas Raymond 50 1 2 2
4 vs 4 Defense
Defense Defense Time % Phy DF OF
1 Dante Fabbro Nathan Beaulieu 50 1 2 2
2 Dylan Samberg Jordan Harris 50 1 2 2
Last Minutes Offensive
Center Left Wing Right Wing Defense Defense
Connor McDavid Alex DeBrincat Lucas Raymond Dante Fabbro Nathan Beaulieu
Last Minutes Defensive
Center Left Wing Right Wing Defense Defense
Connor McDavid Alex DeBrincat Lucas Raymond Dante Fabbro Nathan Beaulieu
Goaltenders
Starting : Pavel Francouz
Backup : Ukko-Pekka Luukkonen
Extra Forwards
Normal : Matthew Beniers, Barclay Goodrow, Joel Armia - PP : Matthew Beniers, Barclay Goodrow - PK : Joel Armia
Extra Defensemen
Normal : Dylan Samberg, Jordan Harris, Nathan Beaulieu - PP : Dylan Samberg - PK : Jordan Harris, Nathan Beaulieu
Penalty Shots
Connor McDavid, Nick Suzuki, Alex DeBrincat, Lucas Raymond, Matthew Beniers
New York Rangers
5 vs 5 Forward
Center Left Wing Right Wing Time % Phy DF OF
1 Pierre-Luc Dubois Artemi Panarin Nathan MacKinnon 37 0 1 4
2 Filip Chytil Cole Caufield Mathew Barzal 30 1 1 3
3 Mikael Granlund Conor Garland Gabriel Landeskog 23 1 2 2
4 David Kampf Eric Robinson Tyler Motte 10 1 3 1
5 vs 5 Defense
Defense Defense Time % Phy DF OF
1 Cam Fowler Dmitry Kulikov 35 1 2 2
2 Adam Larsson Mark Giordano 33 1 2 2
3 Matthew Benning Jake McCabe 32 1 2 2
4 Cam Fowler Adam Larsson 0 1 2 2
PowerPlay Forward
Center Left Wing Right Wing Time % Phy DF OF
1 Pierre-Luc Dubois Nathan MacKinnon Artemi Panarin 50 0 1 4
2 Mikael Granlund Gabriel Landeskog Cole Caufield 50 0 1 4
PowerPlay Defense
Defense Defense Time % Phy DF OF
1 Mathew Barzal Adam Larsson 60 1 1 3
2 Filip Chytil Mark Giordano 40 1 1 3
Penalty Kill 4 Players Forward
Center Wing Time % Phy DF OF
1 David Kampf Tyler Motte 50 1 3 1
2 Mikael Granlund Eric Robinson 50 1 3 1
Penalty Kill 4 Players Defense
Defense Defense Time % Phy DF OF
1 Matthew Benning Dmitry Kulikov 50 1 3 1
2 Adam Larsson Mark Giordano 50 1 3 1
Penalty Kill - 3 Players Forward
Forward Time % Phy DF OF
1 Mikael Granlund 50 1 2 2
2 David Kampf 50 1 2 2
Penalty Kill - 3 Players Defense
Defense Defense Time % Phy DF OF
1 Matthew Benning Dmitry Kulikov 50 1 3 1
2 Adam Larsson Mark Giordano 50 1 3 1
4 vs 4 Forward
Center Wing Time % Phy DF OF
1 Nathan MacKinnon Artemi Panarin 50 0 2 3
2 Pierre-Luc Dubois Cole Caufield 50 0 2 3
4 vs 4 Defense
Defense Defense Time % Phy DF OF
1 Cam Fowler Adam Larsson 50 1 2 2
2 Dmitry Kulikov Mark Giordano 50 1 2 2
Last Minutes Offensive
Center Left Wing Right Wing Defense Defense
Nathan MacKinnon Cole Caufield Pierre-Luc Dubois Cam Fowler Adam Larsson
Last Minutes Defensive
Center Left Wing Right Wing Defense Defense
David Kampf Tyler Motte Mikael Granlund Dmitry Kulikov Adam Larsson
Goaltenders
Starting : Tristan Jarry
Backup : Igor Shesterkin
Extra Forwards
Normal : Nathan MacKinnon, Pierre-Luc Dubois, Gabriel Landeskog - PP : Gabriel Landeskog, Cole Caufield - PK : David Kampf
Extra Defensemen
Normal : Matthew Benning, Jake McCabe, Dmitry Kulikov - PP : Matthew Benning - PK : Jake McCabe, Dmitry Kulikov
Penalty Shots
Artemi Panarin, Cole Caufield, Pierre-Luc Dubois, Mark Giordano, David Kampf
% Time on Ice - Winnipeg Jets
Lines # - Real PCT - Wanted PCT - Time Play
Normal Forward
1 - 29% - 30% - 15:48
2 - 30% - 30% - 16:03
3 - 24% - 25% - 12:55
4 - 17% - 15% - 9:25
Normal Defense
1 - 27% - 30% - 14:53
2 - 32% - 30% - 17:08
3 - 30% - 25% - 16:16
4 - 11% - 15% - 5:54
PP Forward
1 - 20% - 50% - 0:24
2 - 80% - 50% - 1:35
PP Defense
1 - 68% - 50% - 1:21
2 - 32% - 50% - 0:38
PK Forward
1 - 53% - 50% - 1:35
2 - 47% - 50% - 1:24
PK Defense
1 - 49% - 50% - 1:28
2 - 51% - 50% - 1:31
PK3 Forward
1 - 0% - 50%
2 - 0% - 50%
PK3 Defense
1 - 0% - 50%
2 - 0% - 50%
44 Forward
1 - 46% - 50% - 1:30
2 - 54% - 50% - 1:45
44 Defense
1 - 51% - 50% - 1:40
2 - 49% - 50% - 1:35
Last Minute Offensive - 0:51
Last Minute Defensive - 0:00
Total
Forward - 63:15
Defense - 63:15
|
% Time on Ice - New York Rangers
Lines # - Real PCT - Wanted PCT - Time Play
Normal Forward
1 - 33% - 37% - 17:43
2 - 31% - 30% - 17:00
3 - 22% - 23% - 11:41
4 - 14% - 10% - 7:39
Normal Defense
1 - 34% - 35% - 18:19
2 - 34% - 33% - 18:16
3 - 32% - 32% - 17:28
4 - 0% - 0% - 0:00
PP Forward
1 - 51% - 50% - 1:32
2 - 49% - 50% - 1:27
PP Defense
1 - 79% - 60% - 2:21
2 - 21% - 40% - 0:38
PK Forward
1 - 63% - 50% - 1:15
2 - 37% - 50% - 0:44
PK Defense
1 - 41% - 50% - 0:49
2 - 59% - 50% - 1:10
PK3 Forward
1 - 0% - 50%
2 - 0% - 50%
PK3 Defense
1 - 0% - 50%
2 - 0% - 50%
44 Forward
1 - 47% - 50% - 1:32
2 - 53% - 50% - 1:43
44 Defense
1 - 61% - 50% - 1:58
2 - 39% - 50% - 1:17
Last Minute Offensive - 0:00
Last Minute Defensive - 0:59
Total
Forward - 63:15
Defense - 63:15
|
Play-by-Play
1st period
0:01 of 1st period - Pierre-Luc Dubois wins face-off versus Connor McDavid in neutral zone.
0:34 of 1st period - Snap shot by Mathew Barzal.
0:34 of 1st period - Shot Misses the Net.
0:54 of 1st period - Snap shot by Gabriel Landeskog.
0:54 of 1st period - Stopped by Pavel Francouz without a rebound.
0:55 of 1st period - Sam Steel wins face-off versus David Kampf in Winnipeg Jets zone.
1:02 of 1st period - Snap shot by Tyler Motte.
1:02 of 1st period - Shot Misses the Net.
2:27 of 1st period - Wrist shot by Joel Armia.
2:27 of 1st period - Deflect By Matthew Beniers.
2:27 of 1st period - Shot Misses the Net.
2:27 of 1st period - Puck is out of play.
2:28 of 1st period - David Kampf wins face-off versus Matthew Beniers in New York Rangers zone.
3:00 of 1st period - Snap shot by Matthew Beniers.
3:00 of 1st period - Deflect By Dmitry Kulikov.
3:00 of 1st period - Shot Misses the Net.
3:00 of 1st period - Puck is out of play.
3:01 of 1st period - Pierre-Luc Dubois wins face-off versus Connor McDavid in New York Rangers zone.
3:08 of 1st period - Wrist shot by Nathan MacKinnon.
3:08 of 1st period - Shot Misses the Net.
3:10 of 1st period - Slapshot by Adam Larsson.
3:10 of 1st period - Stopped by Pavel Francouz without a rebound.
3:11 of 1st period - Connor McDavid wins face-off versus Pierre-Luc Dubois in Winnipeg Jets zone.
3:25 of 1st period - Snap shot by Connor McDavid.
3:25 of 1st period - Stopped by Tristan Jarry with a rebound.
3:39 of 1st period - Dylan Samberg is hit by Adam Larsson and loses puck.
4:10 of 1st period - Off-side.
4:11 of 1st period - Nick Suzuki wins face-off versus Filip Chytil in neutral zone.
4:15 of 1st period - Slapshot by Nathan Beaulieu.
4:15 of 1st period - Shot Blocked by Jake McCabe.
4:17 of 1st period - Wrist shot by Nick Suzuki.
4:17 of 1st period - Stopped by Tristan Jarry without a rebound.
4:18 of 1st period - Nick Suzuki wins face-off versus Filip Chytil in New York Rangers zone.
4:21 of 1st period - Snap shot by Kaapo Kakko.
4:21 of 1st period - Shot Blocked by Jake McCabe.
4:23 of 1st period - Slapshot by Kaapo Kakko.
4:23 of 1st period - Shot Blocked by Mathew Barzal.
6:01 of 1st period - Snap shot by Lucas Raymond.
6:01 of 1st period - Stopped by Tristan Jarry without a rebound.
6:02 of 1st period - Mikael Granlund wins face-off versus Joel Armia in New York Rangers zone.
6:36 of 1st period - Wrist shot by Cole Caufield.
6:36 of 1st period - Goal by Cole Caufield - Winnipeg Jets : 0 - New York Rangers : 1.
6:37 of 1st period - Mikael Granlund wins face-off versus Nick Suzuki in neutral zone.
6:40 of 1st period - Wrist shot by Conor Garland.
6:40 of 1st period - Shot Misses the Net.
6:42 of 1st period - Slapshot by Dmitry Kulikov.
6:42 of 1st period - Shot Misses the Net.
6:44 of 1st period - Slapshot by Cam Fowler.
6:44 of 1st period - Stopped by Pavel Francouz with a rebound.
6:46 of 1st period - Slapshot by Mikael Granlund.
6:46 of 1st period - Stopped by Pavel Francouz with a rebound.
6:48 of 1st period - Snap shot by Cam Fowler.
6:48 of 1st period - Stopped by Pavel Francouz without a rebound.
6:49 of 1st period - Pierre-Luc Dubois wins face-off versus Connor McDavid in Winnipeg Jets zone.
6:56 of 1st period - Snap shot by Nathan MacKinnon.
6:56 of 1st period - Stopped by Pavel Francouz with a rebound.
6:58 of 1st period - Snap shot by Cam Fowler.
6:58 of 1st period - Stopped by Pavel Francouz with a rebound.
7:02 of 1st period - Wrist shot by Artemi Panarin.
7:02 of 1st period - Shot Misses the Net.
7:04 of 1st period - Wrist shot by Nathan MacKinnon.
7:04 of 1st period - Shot Misses the Net.
7:06 of 1st period - Slapshot by Pierre-Luc Dubois.
7:06 of 1st period - Stopped by Pavel Francouz with a rebound.
7:16 of 1st period - Dante Fabbro is hit by Gabriel Landeskog.
7:43 of 1st period - Icing by Lucas Raymond.
7:44 of 1st period - David Kampf wins face-off versus Connor McDavid in Winnipeg Jets zone.
7:47 of 1st period - Wrist shot by Tyler Motte.
7:47 of 1st period - Goal by Tyler Motte - Winnipeg Jets : 0 - New York Rangers : 2.
7:48 of 1st period - Nick Suzuki wins face-off versus Filip Chytil in neutral zone.
7:53 of 1st period - Snap shot by Nick Suzuki.
7:53 of 1st period - Goal by Nick Suzuki - Winnipeg Jets : 1 - New York Rangers : 2.
7:54 of 1st period - Nick Suzuki wins face-off versus Filip Chytil in neutral zone.
8:23 of 1st period - Icing by Barclay Goodrow.
8:24 of 1st period - Pierre-Luc Dubois wins face-off versus Matthew Beniers in Winnipeg Jets zone.
8:42 of 1st period - Dante Fabbro is hit by Cam Fowler and loses puck.
8:53 of 1st period - Snap shot by Artemi Panarin.
8:53 of 1st period - Stopped by Pavel Francouz with a rebound.
8:55 of 1st period - Slapshot by Mark Giordano.
8:55 of 1st period - Shot Misses the Net.
8:57 of 1st period - Slapshot by Adam Larsson.
8:57 of 1st period - Stopped by Pavel Francouz without a rebound.
8:58 of 1st period - Nick Suzuki wins face-off versus Mikael Granlund in Winnipeg Jets zone.
9:36 of 1st period - Snap shot by Gabriel Landeskog.
9:36 of 1st period - Stopped by Pavel Francouz without a rebound.
9:37 of 1st period - Mathew Barzal wins face-off versus Nick Suzuki in Winnipeg Jets zone.
10:05 of 1st period - Wrist shot by Nathan MacKinnon.
10:05 of 1st period - Stopped by Pavel Francouz with a rebound.
10:07 of 1st period - Snap shot by Pierre-Luc Dubois.
10:07 of 1st period - Shot Misses the Net.
10:09 of 1st period - Slapshot by Matthew Benning.
10:09 of 1st period - Deflect By Alex DeBrincat.
10:09 of 1st period - Stopped by Pavel Francouz without a rebound.
10:10 of 1st period - Pierre-Luc Dubois wins face-off versus Connor McDavid in Winnipeg Jets zone.
10:21 of 1st period - Slapshot by Pierre-Luc Dubois.
10:21 of 1st period - Stopped by Pavel Francouz with a rebound.
10:57 of 1st period - Dmitry Kulikov is hit by Alex DeBrincat and loses puck.
11:06 of 1st period - Snap shot by Connor McDavid.
11:06 of 1st period - Stopped by Tristan Jarry with a rebound.
11:08 of 1st period - Slapshot by Ty Smith.
11:08 of 1st period - Stopped by Tristan Jarry without a rebound.
11:09 of 1st period - Filip Chytil wins face-off versus Barclay Goodrow in New York Rangers zone.
11:14 of 1st period - Snap shot by Cole Caufield.
11:14 of 1st period - Shot Misses the Net.
12:13 of 1st period - Adam Larsson is hit by Matthew Beniers and loses puck.
12:45 of 1st period - Wrist shot by Nick Suzuki.
12:45 of 1st period - Shot Misses the Net.
12:47 of 1st period - Backhand shot by Dante Fabbro.
12:47 of 1st period - Shot Misses the Net.
13:02 of 1st period - Off-side.
13:03 of 1st period - Pierre-Luc Dubois wins face-off versus Connor McDavid in neutral zone.
13:32 of 1st period - Snap shot by Nathan MacKinnon.
13:32 of 1st period - Stopped by Pavel Francouz with a rebound.
13:34 of 1st period - Slapshot by Mark Giordano.
13:34 of 1st period - Stopped by Pavel Francouz with a rebound.
13:36 of 1st period - Slapshot by Adam Larsson.
13:36 of 1st period - Stopped by Pavel Francouz without a rebound.
13:37 of 1st period - Nick Suzuki wins face-off versus Mathew Barzal in Winnipeg Jets zone.
13:44 of 1st period - Snap shot by Kaapo Kakko.
13:44 of 1st period - Stopped by Tristan Jarry with a rebound.
13:46 of 1st period - Slapshot by Jordan Harris.
13:46 of 1st period - Stopped by Tristan Jarry without a rebound.
13:47 of 1st period - Filip Chytil wins face-off versus Nick Suzuki in New York Rangers zone.
13:56 of 1st period - Snap shot by Nick Suzuki.
13:56 of 1st period - Stopped by Tristan Jarry without a rebound.
13:57 of 1st period - Matthew Beniers wins face-off versus Filip Chytil in New York Rangers zone.
14:22 of 1st period - Dmitry Kulikov is hit by Nathan Beaulieu and loses puck.
15:06 of 1st period - Wrist shot by Conor Garland.
15:06 of 1st period - Shot Blocked by Jordan Harris.
15:28 of 1st period - Snap shot by Gabriel Landeskog.
15:28 of 1st period - Shot Misses the Net.
16:04 of 1st period - Snap shot by Connor McDavid.
16:04 of 1st period - Shot Misses the Net.
16:18 of 1st period - Jordan Harris is hit by Gabriel Landeskog and loses puck.
16:43 of 1st period - Snap shot by Lucas Raymond.
16:43 of 1st period - Stopped by Tristan Jarry without a rebound.
16:44 of 1st period - Nick Suzuki wins face-off versus Artemi Panarin in New York Rangers zone.
16:59 of 1st period - Wrist shot by Nick Suzuki.
16:59 of 1st period - Shot Misses the Net.
17:05 of 1st period - Minor Penalty to Pierre-Luc Dubois for Roughing.
17:06 of 1st period - Nick Suzuki wins face-off versus David Kampf in New York Rangers zone.
19:05 of 1st period - Penalty to Pierre-Luc Dubois is over, Pierre-Luc Dubois is back on ice.
19:27 of 1st period - Pius Suter is hit by Pierre-Luc Dubois and loses puck.
19:42 of 1st period - Joel Armia is hit by Cole Caufield and loses puck.
Goals for this period are 1 for Winnipeg Jets vs 2 for New York Rangers.
Shots for this period are 10 for Winnipeg Jets vs 19 for New York Rangers.
2nd period
0:01 of 2nd period - Pierre-Luc Dubois wins face-off versus Matthew Beniers in neutral zone.
0:42 of 2nd period - Off-side.
0:43 of 2nd period - Nick Suzuki wins face-off versus Filip Chytil in neutral zone.
0:52 of 2nd period - Snap shot by Cole Caufield.
0:52 of 2nd period - Stopped by Pavel Francouz with a rebound.
1:37 of 2nd period - Wrist shot by Connor McDavid.
1:37 of 2nd period - Stopped by Tristan Jarry with a rebound.
1:53 of 2nd period - Tyler Motte is hit by Nick Suzuki and loses puck.
2:37 of 2nd period - Icing by Eric Robinson.
2:38 of 2nd period - Matthew Beniers wins face-off versus Filip Chytil in New York Rangers zone.
2:39 of 2nd period - Slapshot by Calen Addison.
2:39 of 2nd period - Stopped by Tristan Jarry with a rebound.
2:41 of 2nd period - Slapshot by Dylan Samberg.
2:41 of 2nd period - Shot Blocked by Matthew Benning.
2:43 of 2nd period - Snap shot by Barclay Goodrow.
2:43 of 2nd period - Shot Misses the Net.
2:45 of 2nd period - Snap shot by Calen Addison.
2:45 of 2nd period - Deflect By Matthew Benning.
2:45 of 2nd period - Stopped by Tristan Jarry with a rebound.
2:47 of 2nd period - Slapshot by Dylan Samberg.
2:47 of 2nd period - Stopped by Tristan Jarry with a rebound.
2:51 of 2nd period - Wrist shot by Matthew Beniers.
2:51 of 2nd period - Stopped by Tristan Jarry without a rebound.
2:52 of 2nd period - Pierre-Luc Dubois wins face-off versus Nick Suzuki in New York Rangers zone.
4:08 of 2nd period - Minor Penalty to Calen Addison for Interference.
4:09 of 2nd period - Pierre-Luc Dubois wins face-off versus Connor McDavid in Winnipeg Jets zone.
4:21 of 2nd period - Slapshot by Artemi Panarin.
4:21 of 2nd period - Stopped by Pavel Francouz without a rebound.
4:22 of 2nd period - Alex DeBrincat wins face-off versus Mikael Granlund in Winnipeg Jets zone.
4:37 of 2nd period - Snap shot by Connor McDavid.
4:37 of 2nd period - Shot Misses the Net.
4:39 of 2nd period - Slapshot by Dylan Samberg.
4:39 of 2nd period - Deflect By Mikael Granlund.
4:39 of 2nd period - Stopped by Tristan Jarry with a rebound.
4:50 of 2nd period - Icing by Gabriel Landeskog.
4:51 of 2nd period - Alex DeBrincat wins face-off versus Pierre-Luc Dubois in New York Rangers zone.
4:52 of 2nd period - Wrist shot by Lucas Raymond.
4:52 of 2nd period - Deflect By Alex DeBrincat.
4:52 of 2nd period - Shot Misses the Net.
4:52 of 2nd period - Puck is out of play.
4:53 of 2nd period - Alex DeBrincat wins face-off versus Artemi Panarin in New York Rangers zone.
5:02 of 2nd period - Backhand shot by Mathew Barzal.
5:02 of 2nd period - Stopped by Pavel Francouz with a rebound.
5:04 of 2nd period - Wrist shot by Artemi Panarin.
5:04 of 2nd period - Shot Misses the Net.
5:06 of 2nd period - Snap shot by Nathan MacKinnon.
5:06 of 2nd period - Shot Misses the Net.
5:08 of 2nd period - Slapshot by Adam Larsson.
5:08 of 2nd period - Deflect By Alex DeBrincat.
5:08 of 2nd period - Goal by Adam Larsson - Winnipeg Jets : 1 - New York Rangers : 3.
5:09 of 2nd period - Nick Suzuki wins face-off versus Pierre-Luc Dubois in neutral zone.
6:06 of 2nd period - Snap shot by Gabriel Landeskog.
6:06 of 2nd period - Shot Blocked by Dylan Samberg.
6:22 of 2nd period - Snap shot by Artemi Panarin.
6:22 of 2nd period - Shot Misses the Net.
6:24 of 2nd period - Snap shot by Artemi Panarin.
6:24 of 2nd period - Stopped by Pavel Francouz with a rebound.
6:26 of 2nd period - Slapshot by Pierre-Luc Dubois.
6:26 of 2nd period - Shot Blocked by Ty Smith.
6:28 of 2nd period - Slapshot by Pierre-Luc Dubois.
6:28 of 2nd period - Stopped by Pavel Francouz with a rebound.
6:30 of 2nd period - Snap shot by Nathan MacKinnon.
6:30 of 2nd period - Shot Blocked by Ty Smith.
7:00 of 2nd period - Nick Suzuki is hit by Filip Chytil and loses puck.
7:23 of 2nd period - Wrist shot by Nick Suzuki.
7:23 of 2nd period - Stopped by Tristan Jarry with a rebound.
8:08 of 2nd period - Adam Larsson is hit by Dylan Samberg and loses puck.
9:30 of 2nd period - Snap shot by Nathan MacKinnon.
9:30 of 2nd period - Shot Misses the Net.
9:32 of 2nd period - Slapshot by Dmitry Kulikov.
9:32 of 2nd period - Deflect By Nathan MacKinnon.
9:32 of 2nd period - Shot Misses the Net.
9:32 of 2nd period - Puck is out of play.
9:33 of 2nd period - Filip Chytil wins face-off versus Matthew Beniers in Winnipeg Jets zone.
9:36 of 2nd period - Backhand shot by Cole Caufield.
9:36 of 2nd period - Stopped by Pavel Francouz with a rebound.
9:42 of 2nd period - Cole Caufield is hit by Jordan Harris.
9:46 of 2nd period - Slapshot by Barclay Goodrow.
9:46 of 2nd period - Shot Blocked by Mathew Barzal.
10:04 of 2nd period - Wrist shot by Connor McDavid.
10:04 of 2nd period - Stopped by Tristan Jarry with a rebound.
10:06 of 2nd period - Slapshot by Jordan Harris.
10:06 of 2nd period - Shot Misses the Net.
10:08 of 2nd period - Wrist shot by Alex DeBrincat.
10:08 of 2nd period - Shot Misses the Net.
10:10 of 2nd period - Wrist shot by Alex DeBrincat.
10:10 of 2nd period - Stopped by Tristan Jarry with a rebound.
10:50 of 2nd period - Snap shot by Kaapo Kakko.
10:50 of 2nd period - Stopped by Tristan Jarry without a rebound.
10:51 of 2nd period - Nick Suzuki wins face-off versus Pierre-Luc Dubois in New York Rangers zone.
11:22 of 2nd period - Snap shot by Cole Caufield.
11:22 of 2nd period - Deflect By Mathew Barzal.
11:22 of 2nd period - Stopped by Pavel Francouz with a rebound.
11:44 of 2nd period - Snap shot by Connor McDavid.
11:44 of 2nd period - Shot Blocked by Mikael Granlund.
11:57 of 2nd period - Adam Larsson is hit by Klim Kostin and loses puck.
13:15 of 2nd period - Dylan Samberg is hit by Cam Fowler and loses puck.
14:16 of 2nd period - Wrist shot by Kaapo Kakko.
14:16 of 2nd period - Shot Misses the Net.
14:45 of 2nd period - Alex DeBrincat is hit by Conor Garland and loses puck.
15:13 of 2nd period - Wrist shot by Matthew Beniers.
15:13 of 2nd period - Stopped by Tristan Jarry with a rebound.
15:15 of 2nd period - Snap shot by Matthew Beniers.
15:15 of 2nd period - Shot Blocked by Jake McCabe.
15:52 of 2nd period - Snap shot by Connor McDavid.
15:52 of 2nd period - Stopped by Tristan Jarry with a rebound.
15:54 of 2nd period - Wrist shot by Lucas Raymond.
15:54 of 2nd period - Stopped by Tristan Jarry with a rebound.
15:56 of 2nd period - Slapshot by Alex DeBrincat.
15:56 of 2nd period - Deflect By Connor McDavid.
15:56 of 2nd period - Shot Blocked by Dmitry Kulikov.
15:56 of 2nd period - Puck is out of play.
15:57 of 2nd period - Pierre-Luc Dubois wins face-off versus Matthew Beniers in New York Rangers zone.
16:29 of 2nd period - Conor Garland is hit by Barclay Goodrow and loses puck.
16:34 of 2nd period - Slapshot by Joel Armia.
16:34 of 2nd period - Stopped by Tristan Jarry without a rebound.
16:35 of 2nd period - Nick Suzuki wins face-off versus Pierre-Luc Dubois in New York Rangers zone.
16:52 of 2nd period - Jordan Harris is hit by Mark Giordano and loses puck.
17:45 of 2nd period - Slapshot by Tyler Motte.
17:45 of 2nd period - Stopped by Pavel Francouz without a rebound.
17:46 of 2nd period - David Kampf wins face-off versus Matthew Beniers in Winnipeg Jets zone.
17:47 of 2nd period - Snap shot by Tyler Motte.
17:47 of 2nd period - Shot Blocked by Dante Fabbro.
17:54 of 2nd period - Off-side.
17:55 of 2nd period - Nick Suzuki wins face-off versus Pierre-Luc Dubois in neutral zone.
18:24 of 2nd period - Snap shot by Mathew Barzal.
18:24 of 2nd period - Shot Misses the Net.
18:26 of 2nd period - Wrist shot by Dmitry Kulikov.
18:26 of 2nd period - Deflect By Lucas Raymond.
18:26 of 2nd period - Stopped by Pavel Francouz without a rebound.
18:27 of 2nd period - Filip Chytil wins face-off versus Connor McDavid in Winnipeg Jets zone.
18:30 of 2nd period - Wrist shot by Filip Chytil.
18:30 of 2nd period - Shot Blocked by Alex DeBrincat.
18:32 of 2nd period - Snap shot by Cole Caufield.
18:32 of 2nd period - Stopped by Pavel Francouz without a rebound.
18:33 of 2nd period - Pierre-Luc Dubois wins face-off versus Connor McDavid in Winnipeg Jets zone.
19:04 of 2nd period - Slapshot by Cole Caufield.
19:04 of 2nd period - Stopped by Pavel Francouz with a rebound.
19:06 of 2nd period - Backhand shot by Cole Caufield.
19:06 of 2nd period - Stopped by Pavel Francouz without a rebound.
19:07 of 2nd period - Filip Chytil wins face-off versus Nick Suzuki in Winnipeg Jets zone.
19:12 of 2nd period - Snap shot by Filip Chytil.
19:12 of 2nd period - Shot Misses the Net.
19:49 of 2nd period - Snap shot by Kaapo Kakko.
19:49 of 2nd period - Deflect By Artemi Panarin.
19:49 of 2nd period - Stopped by Tristan Jarry with a rebound.
19:56 of 2nd period - Off-side.
19:57 of 2nd period - Matthew Beniers wins face-off versus Filip Chytil in neutral zone.
Goals for this period are 0 for Winnipeg Jets vs 1 for New York Rangers.
Shots for this period are 15 for Winnipeg Jets vs 13 for New York Rangers.
3rd period
0:01 of 3rd period - Matthew Beniers wins face-off versus Pierre-Luc Dubois in neutral zone.
0:06 of 3rd period - Snap shot by Joel Armia.
0:06 of 3rd period - Stopped by Tristan Jarry with a rebound.
0:08 of 3rd period - Slapshot by Dante Fabbro.
0:08 of 3rd period - Shot Misses the Net.
0:10 of 3rd period - Wrist shot by Joel Armia.
0:10 of 3rd period - Stopped by Tristan Jarry with a rebound.
0:32 of 3rd period - Alex DeBrincat is hit by Jake McCabe and loses puck.
0:54 of 3rd period - Off-side.
0:55 of 3rd period - Mikael Granlund wins face-off versus Nick Suzuki in neutral zone.
1:27 of 3rd period - Off-side.
1:28 of 3rd period - Nathan MacKinnon wins face-off versus Connor McDavid in neutral zone.
1:44 of 3rd period - Minor Penalty to Nathan Beaulieu for Holding Stick.
1:45 of 3rd period - Mikael Granlund wins face-off versus Alex DeBrincat in Winnipeg Jets zone.
2:02 of 3rd period - Snap shot by Gabriel Landeskog.
2:02 of 3rd period - Shot Misses the Net.
3:44 of 3rd period - Penalty to Nathan Beaulieu is over, Nathan Beaulieu is back on ice.
3:51 of 3rd period - Slapshot by Mathew Barzal.
3:51 of 3rd period - Stopped by Pavel Francouz with a rebound.
3:53 of 3rd period - Backhand shot by Adam Larsson.
3:53 of 3rd period - Shot Blocked by Calen Addison.
3:55 of 3rd period - Slapshot by Mathew Barzal.
3:55 of 3rd period - Stopped by Pavel Francouz without a rebound.
3:56 of 3rd period - David Kampf wins face-off versus Matthew Beniers in Winnipeg Jets zone.
3:57 of 3rd period - Snap shot by Eric Robinson.
3:57 of 3rd period - Shot Misses the Net.
4:06 of 3rd period - Wrist shot by Tyler Motte.
4:06 of 3rd period - Stopped by Pavel Francouz with a rebound.
4:08 of 3rd period - Slapshot by Jake McCabe.
4:08 of 3rd period - Stopped by Pavel Francouz with a rebound.
4:12 of 3rd period - Slapshot by Eric Robinson.
4:12 of 3rd period - Stopped by Pavel Francouz without a rebound.
4:13 of 3rd period - Pierre-Luc Dubois wins face-off versus Lucas Raymond in Winnipeg Jets zone.
4:44 of 3rd period - Snap shot by Nick Suzuki.
4:44 of 3rd period - Goal by Nick Suzuki - Winnipeg Jets : 2 - New York Rangers : 3.
4:45 of 3rd period - Filip Chytil wins face-off versus Connor McDavid in neutral zone.
5:58 of 3rd period - Snap shot by Nick Suzuki.
5:58 of 3rd period - Stopped by Tristan Jarry with a rebound.
6:16 of 3rd period - Wrist shot by Alex DeBrincat.
6:16 of 3rd period - Shot Misses the Net.
6:57 of 3rd period - Connor McDavid is hit by Nathan MacKinnon and loses puck.
9:09 of 3rd period - Snap shot by Artemi Panarin.
9:09 of 3rd period - Stopped by Pavel Francouz without a rebound.
9:10 of 3rd period - Filip Chytil wins face-off versus Andrew Cogliano in Winnipeg Jets zone.
9:35 of 3rd period - Conor Garland is hit by Matthew Beniers.
9:45 of 3rd period - Cam Fowler is hit by Barclay Goodrow and loses puck.
11:28 of 3rd period - Dante Fabbro is hit by Matthew Benning and loses puck.
11:39 of 3rd period - Dante Fabbro is hit by Tyler Motte and loses puck.
11:54 of 3rd period - Matthew Beniers is hit by Mikael Granlund and loses puck.
15:54 of 3rd period - Icing by Nick Suzuki.
15:55 of 3rd period - Nick Suzuki wins face-off versus Conor Garland in Winnipeg Jets zone.
17:04 of 3rd period - Dante Fabbro is hit by Cole Caufield and loses puck.
19:05 of 3rd period - Winnipeg Jets, Pavel Francouz is pulled from the net.
19:11 of 3rd period - Snap shot by Alex DeBrincat.
19:11 of 3rd period - Shot Blocked by Matthew Benning.
19:13 of 3rd period - Slapshot by Jordan Harris.
19:13 of 3rd period - Stopped by Tristan Jarry without a rebound.
19:14 of 3rd period - Barry Trotz call a timeout for Winnipeg Jets.
19:14 of 3rd period - Connor McDavid wins face-off versus Cam Fowler in New York Rangers zone.
19:15 of 3rd period - Slapshot by Alex DeBrincat.
19:15 of 3rd period - Stopped by Tristan Jarry without a rebound.
19:16 of 3rd period - Connor McDavid wins face-off versus Cam Fowler in New York Rangers zone.
19:23 of 3rd period - Snap shot by Connor McDavid.
19:23 of 3rd period - Deflect By Alex DeBrincat.
19:23 of 3rd period - Shot Misses the Net.
19:23 of 3rd period - Puck is out of play.
19:24 of 3rd period - Connor McDavid wins face-off versus Cam Fowler in New York Rangers zone.
19:25 of 3rd period - Slapshot by Lucas Raymond.
19:25 of 3rd period - Shot Misses the Net.
19:27 of 3rd period - Wrist shot by Nathan Beaulieu.
19:27 of 3rd period - Shot Blocked by Conor Garland.
19:29 of 3rd period - Snap shot by Alex DeBrincat.
19:29 of 3rd period - Stopped by Tristan Jarry without a rebound.
19:30 of 3rd period - Cam Fowler wins face-off versus Connor McDavid in New York Rangers zone.
19:43 of 3rd period - Snap shot by Lucas Raymond.
19:43 of 3rd period - Goal by Lucas Raymond - Winnipeg Jets : 3 - New York Rangers : 3.
19:43 of 3rd period - Pavel Francouz from Winnipeg Jets was sent back in the game.
19:44 of 3rd period - Matthew Beniers wins face-off versus Mikael Granlund in neutral zone.
Goals for this period are 2 for Winnipeg Jets vs 0 for New York Rangers.
Shots for this period are 8 for Winnipeg Jets vs 6 for New York Rangers.
Overtime #1
0:01 of 1st overtime period - Connor McDavid wins face-off versus Nathan MacKinnon in neutral zone.
0:12 of 1st overtime period - Wrist shot by Nick Suzuki.
0:12 of 1st overtime period - Stopped by Tristan Jarry with a rebound.
0:26 of 1st overtime period - Pierre-Luc Dubois is hit by Alex DeBrincat and loses puck.
1:56 of 1st overtime period - Jordan Harris is hit by Pierre-Luc Dubois and loses puck.
2:28 of 1st overtime period - Nick Suzuki is hit by Nathan MacKinnon and loses puck.
2:47 of 1st overtime period - Snap shot by Matthew Beniers.
2:47 of 1st overtime period - Deflect By Barclay Goodrow.
2:47 of 1st overtime period - Stopped by Tristan Jarry without a rebound.
2:48 of 1st overtime period - Matthew Beniers wins face-off versus Nathan MacKinnon in New York Rangers zone.
2:55 of 1st overtime period - Snap shot by Barclay Goodrow.
2:55 of 1st overtime period - Deflect By Matthew Beniers.
2:55 of 1st overtime period - Shot Misses the Net.
2:55 of 1st overtime period - Puck is out of play.
2:56 of 1st overtime period - Connor McDavid wins face-off versus Pierre-Luc Dubois in New York Rangers zone.
3:05 of 1st overtime period - Snap shot by Nick Suzuki.
3:05 of 1st overtime period - Shot Blocked by Pierre-Luc Dubois.
3:15 of 1st overtime period - Slapshot by Alex DeBrincat.
3:15 of 1st overtime period - Goal by Alex DeBrincat - Winnipeg Jets : 4 - New York Rangers : 3.
Goals for this period are 1 for Winnipeg Jets vs 0 for New York Rangers.
Shots for this period are 3 for Winnipeg Jets vs 0 for New York Rangers.
Back to the Top